 Dungeon Crawl Stone Soup version 0.19.0-19-g8c6edcc (webtiles) character file.

65065 KarmaPolice the Jinx (level 14, 0/113 HPs)
             Began as a Vampire Skald on Nov 13, 2016.
             Was a High Priest of Kikubaaqudgha.
             Slain by an anaconda (3 damage)
             ... on level 3 of the Lair of Beasts.
             The game lasted 02:21:42 (48494 turns).

KarmaPolice the Jinx (Vampire Skald)               Turns: 48494, Time: 02:21:43

Health: 0/113      AC:  9    Str: 17    XL:     14   Next: 74%
Magic:  7/26       EV: 13    Int: 15    God:    Kikubaaqudgha [*****.]
Gold:   1677       SH:  0    Dex: 18    Spells: 8 memorised, 4 levels left

rFire  . . .     SeeInvis +     y - +2 dagger (drain)
rCold  + + .     Gourm    .     E - +0 robe of the Barnacle {rC+ rN++ Str+3 Stlth+}
rNeg   + + +     Faith    .     (no shield)
rPois  +         Spirit   .     (no helmet)
rElec  .         Reflect  .     g - +0 cloak
rCorr  +         Harm     .     n - +0 pair of gloves
MR     +....                    v - +0 pair of boots
Stlth  +++++.....               (no amulet)
                                F - ring "Jam Qohi" {rCorr +Inv Str+3}
                                s - +3 ring of protection

@: infused, regenerating (expiring), constricted
A: fangs 3, see invisible, unbreathing
a: Bat Form, Receive Corpses, Torment, Renounce Religion, Evoke Invisibility


You were on level 3 of the Lair of Beasts.
You worshipped Kikubaaqudgha.
Kikubaaqudgha was extremely pleased with you.
You were thirsty.

You visited 4 branches of the dungeon, and saw 19 of its levels.

You collected 1824 gold pieces.
You spent 147 gold pieces at shops.

Inventory:

Hand Weapons
 y - a +2 dagger of draining (weapon)
 W - the +7 scimitar of Victory {protect, rF+ rC- Int+2 SInv}
   (You found it on level 4 of the Lair of Beasts)

   It protects the one who uses it against injury (+AC on strike).
   It affects your intelligence (+2).
   It protects you from fire.
   It makes you vulnerable to cold.
   It lets you see invisible.
Armour
 g - a +0 cloak (worn)
 n - a +0 pair of gloves (worn)
 v - a +0 pair of boots (worn)
 x - a +0 troll leather armour
 E - the +0 robe of the Barnacle (worn) {rC+ rN++ Str+3 Stlth+}
   (You found it on level 5 of the Dungeon)

   It affects your strength (+3).
   It protects you from cold.
   It greatly protects you from negative energy.
   It makes you more stealthy.
Magical Staves
 b - an uncursed staff of fire {unknown}
 Y - an uncursed staff of fire {unknown}
Jewellery
 a - a +3 ring of dexterity {unknown}
 s - a +3 ring of protection (left hand)
 u - an uncursed ring of protection from cold
 D - the ring of Loveish {rPois Str+4 Int+4 Stlth-}
   (You found it on level 5 of the Dungeon)

   [ring of strength]

   It affects your strength (+4).
   It affects your intelligence (+4).
   It protects you from poison.
   It makes you less stealthy.
 F - the ring "Jam Qohi" (right hand) {rCorr +Inv Str+3}
   (You found it on level 5 of the Dungeon)

   [ring of resist corrosion]

   It affects your strength (+3).
   It lets you turn invisible.
Wands
 d - a wand of lightning (4/15)
 B - a wand of confusion (16/48)
 L - a wand of acid (0/15)
 N - a wand of lightning (0/15)
 O - a wand of teleportation (4/9)
 Q - a wand of slowing (30/48)
 U - a wand of lightning (9/15)
Scrolls
 k - 3 scrolls of recharging
 o - 2 scrolls of identify
 p - a scroll of blinking
 q - a scroll of fog
 t - 6 scrolls of remove curse
 w - a scroll of magic mapping {unknown}
 z - a scroll of enchant weapon {unknown}
 G - 5 scrolls of enchant armour
 K - 2 scrolls of brand weapon {unknown}
 P - a scroll of random uselessness {unknown}
 V - a scroll of fear
 X - a scroll of amnesia {unknown}
Potions
 h - 4 potions of heal wounds
 i - 9 potions of curing
 j - a potion of agility
 l - 2 potions of ambrosia
 A - 3 potions of blood
 C - 3 potions of berserk rage
 H - 2 potions of magic {unknown}
 I - 2 potions of haste {unknown}
 R - 2 potions of cancellation {unknown}
 S - a potion of might {unknown}
 T - 2 potions of brilliance {unknown}
Books
 c - a book of Battle

   Spells                             Type                      Level
   a - Infusion                       Charms                       1
   b - Shroud of Golubria             Charms/Translocation         2
   c - Song of Slaying                Charms                       2
   d - Spectral Weapon                Hexes/Charms                 3
   e - Regeneration                   Charms/Necromancy            3
 f - Kikubaaqudgha's Collected Works on Unholy Secrets
   (Kikubaaqudgha gifted it to you on level 9 of the Dungeon)

   Spells                             Type                      Level
   a - Animate Dead                   Necromancy                   4
   b - Excruciating Wounds            Charms/Necromancy            5
   c - Agony                          Necromancy                   5
   d - Dispel Undead                  Necromancy                   5
   e - Death Channel                  Necromancy                   6
 J - a book of Misfortune

   Spells                             Type                      Level
   a - Confusing Touch                Hexes                        1
   b - Confuse                        Hexes                        3
   c - Gell's Gravitas                Hexes/Translocation          3
   d - Petrify                        Transmutation/Earth          4
   e - Metabolic Englaciation         Hexes/Ice                    5
   f - Yara's Violent Unravelling     Hexes/Transmutation          5
 M - Kikubaaqudgha's Disquisition on Unholy Arts
   (Kikubaaqudgha gifted it to you on level 7 of the Dungeon)

   Spells                             Type                      Level
   a - Pain                           Necromancy                   1
   b - Corpse Rot                     Necromancy                   2
   c - Sublimation of Blood           Necromancy                   2
   d - Regeneration                   Charms/Necromancy            3
   e - Control Undead                 Necromancy                   4
 Z - a book of Death

   Spells                             Type                      Level
   a - Corpse Rot                     Necromancy                   2
   b - Sublimation of Blood           Necromancy                   2
   c - Agony                          Necromancy                   5
   d - Dispel Undead                  Necromancy                   5
   e - Excruciating Wounds            Charms/Necromancy            5
   f - Bolt of Draining               Conjuration/Necromancy       5


   Skills:
 + Level 11.4 Fighting
 - Level 10.1 Long Blades
 + Level 7.0 Armour
 - Level 6.1 Dodging
 - Level 4.0 Stealth
 + Level 8.7 Spellcasting
 - Level 12.0 Hexes
 - Level 6.4 Charms
 - Level 10.1 Necromancy
 + Level 5.6 Translocations
 - Level 6.0 Evocations


You had 4 spell levels left.
You knew the following spells:

 Your Spells              Type           Power        Failure   Level  Hunger
a - Infusion              Chrm           ####         1%          1    None
b - Shroud of Golubria    Chrm/Tloc      ###.......   1%          2    None
c - Regeneration          Chrm/Necr      ####......   1%          3    #......
d - Confuse               Hex            #####...     1%          3    #......
e - Dazzling Spray        Conj/Hex       ###...       2%          3    #......
f - Animate Dead          Necr           N/A          1%          4    ###....
g - Dispel Undead         Necr           #####...     6%          5    #####..
h - Yara's Violent Unrav  Hex/Tmut       ###.......   28%         5    #####..


Dungeon Overview and Level Annotations

Branches:
Dungeon (11/15)            Temple (1/1) D:6            Lair (6/6) D:9
  Swamp (0/4) Lair:2        Snake (0/4) Lair:3        Slime (0/5) Lair:6
    Orc (1/2) D:10

Altars:
Ashenzari
Cheibriados
Dithmenos
Elyvilon
Hepliaklqana
Kikubaaqudgha
Nemelex Xobeh
Sif Muna
Vehumet
Zin

Shops:
D:6 %   D:8 =   D:9 !

Annotations:
D:5 zkyp's ghost, novice TeHu


Innate Abilities, Weirdness & Mutations

You heal slowly.
You have razor-sharp teeth.
You have supernaturally acute eyesight. (SInv)
You can survive without breathing.


Message History

You hit the anaconda.
The anaconda is lightly wounded.
The anaconda grabs you. The anaconda bites you!
* * * LOW HITPOINT WARNING * * *
x2 The anaconda constricts you.
You hit the anaconda.
The anaconda is lightly wounded.
The anaconda bites you!
* * * LOW HITPOINT WARNING * * *
x2 The anaconda constricts you.
Evoke which item? (* to show all) (? for menu, Esc to quit)
Zapping:
Q - a wand of slowing (will waste charges)
Press: ? - help, Shift-Dir - straight line, f/p - anaconda
Aim: an anaconda (lightly wounded, constricting you, chance to defeat MR: 52%)
The anaconda resists with significant effort.
Evoking this partially-identified wand wasted a few charges.
The anaconda bites you!
* * * LOW HITPOINT WARNING * * *
You die...
Kikubaaqudgha rasps: "You have failed me!
Welcome... oblivion!"

#..###...##### #..# ##<..##
#..#.......# ##..## #....##
#..#.......### #....# ##....#
#.....[......## #...## #...##
.......>.....P# ##..# #...##
P............#####..# ##....#
#.[#.......#.###....## #....##
...#.......#...##S..P# ####...#
...###...###....@....###.##...###
.....................[...........
##..###.P#.##.#######.....#####.#
#### ######### ####### ###


You could see an anaconda.

Vanquished Creatures
  4 dire elephants (Lair:6)
  Josephine (D:11)
  Harold (Lair:2)
  Fannar (Lair:3)
  4 hydras
  2 catoblepae
  An anaconda (Lair:6)
  4 death yaks (Lair:3)
  The ghost of zkyp the Basher, a journeyman TeHu of Ru (D:10)
  Urug (Lair:4)
  Sonja (Lair:4)
  Nergalle (Lair:2)
  13 hill giants
  A lindwurm (Lair:5)
  3 cyclopes (D:11)
  A manticore (D:9)
  22 elephants
  4 black mambas
  Psyche (D:10)
  21 spiny frogs
  8 komodo dragons
  A queen bee (Lair:3)
  2 trolls (D:9)
  12 hippogriffs
  15 blink frogs
  3 wraiths (D:11)
  5 wyverns
  29 yaks
  A basilisk (Lair:2)
  2 wargs
  4 nagas
  3 insubstantial wisps
  8 water moccasins
  8 porcupines
  Duvessa (D:5)
  4 orc warriors
  3 ice beasts
  An eye of draining (D:10)
  7 sky beasts
  A necrophage (D:4)
  A black bear (D:7)
  16 ogres
  4 phantoms
  16 crocodiles
  17 wolves
  4 centaurs
  A big kobold (D:9)
  Blork the orc (D:6)
  17 bullfrogs
  A gnoll sergeant (D:6)
  Dowan (D:5)
  6 scorpions
  34 killer bees
  2 howler monkeys
  8 wights
  2 centaur zombies
  5 crimson imps
  A quasit (D:9)
  6 jellies
  8 hounds
  4 orc priests
  8 orc wizards
  3 bullfrog skeletons
  2 iguanas
  12 worker ants
  A howler monkey skeleton (D:5)
  11 gnolls
  14 adders
  4 shadow imps
  11 oozes
  2 adder zombies
  3 adder skeletons
  3 worms
  3 dart slugs
  4 leopard geckos
  44 orcs
  A ball python (D:6)
  5 giant cockroaches
  4 goblins
  6 hobgoblins
  19 jackals
  16 kobolds
  11 quokkas
  6 bats
  4 frilled lizards
  A giant cockroach zombie (D:6)
  A jackal skeleton (D:5)
  A leopard gecko skeleton (D:6)
  A quokka skeleton (D:8)
  5 rats
  A fungus (Lair:4)
  2 plants (Lair:6)
570 creatures vanquished.

Vanquished Creatures (others)
  A wolf (Lair:1)
  34 fungi
  22 plants
57 creatures vanquished.

Grand Total: 627 creatures vanquished

Notes
Turn   | Place    | Note
-------+----------+-------------------------------------------
     0 | D:1      | KarmaPolice the Vampire Skald began the quest for the Orb.
     0 | D:1      | Reached XP level 1. HP: 16/16 MP: 3/3
     6 | D:1      | Noticed a wyvern
     6 | D:1      | Noticed an iguana
     6 | D:1      | Noticed a black bear
   338 | D:1      | Reached XP level 2. HP: 20/22 MP: 5/5
  1083 | D:2      | Reached XP level 3. HP: 27/28 MP: 0/6
  1999 | D:2      | Learned a level 2 spell: Shroud of Golubria
  2157 | D:2      | Found a deep blue altar of Sif Muna.
  2456 | D:2      | Found a shattered altar of Ashenzari.
  2659 | D:2      | Learned a level 3 spell: Regeneration
  2752 | D:2      | Reached XP level 4. HP: 34/34 MP: 7/7
  3524 | D:3      | Reached XP level 5. HP: 35/40 MP: 9/9
  4359 | D:4      | Noticed a phantom
  4398 | D:4      | Killed a phantom
  4615 | D:4      | Noticed an ogre
  4631 | D:4      | Killed an ogre
  4631 | D:4      | Reached skill level 5 in Charms
  4631 | D:4      | Reached XP level 6. HP: 44/47 MP: 1/10
  5295 | D:4      | Reached XP level 7. HP: 53/53 MP: 5/12
  5526 | D:5      | Entered Level 5 of the Dungeon
  5565 | D:5      | Noticed zkyp's ghost (novice TeHu)
  5582 | D:5      | Reached skill level 1 in Necromancy
  6331 | D:5      | Got a wavering lapis lazuli ring
  6357 | D:5      | Reached skill level 5 in Long Blades
  6665 | D:4      | Reached XP level 8. HP: 60/61 MP: 9/13
  6805 | D:5      | Got a tattered robe
  6878 | D:5      | Got a warped copper ring
  7409 | D:5      | Reached skill level 1 in Stealth
  7542 | D:5      | Noticed Dowan
  7554 | D:5      | Noticed Duvessa
  7594 | D:5      | Killed Duvessa
  7602 | D:5      | Killed Dowan
  7602 | D:5      | Reached skill level 5 in Fighting
  7927 | D:4      | Identified the cursed +0 robe of the Barnacle {rC+ rN++ Str+3 Stlth+} (You found it on level 5 of the Dungeon)
  7931 | D:4      | Identified the ring of Loveish {rPois Str+4 Int+4 Stlth-} (You found it on level 5 of the Dungeon)
  7933 | D:4      | Identified the ring "Jam Qohi" {rCorr +Inv Str+3} (You found it on level 5 of the Dungeon)
  8935 | D:6      | Noticed Blork the orc
  8939 | D:6      | Killed Blork the orc
  8983 | D:6      | Found Guizyan's Food Shoppe.
  9027 | D:6      | Found a staircase to the Ecumenical Temple.
  9066 | D:6      | Reached skill level 1 in Armour
  9071 | Temple   | Entered the Ecumenical Temple
  9163 | Temple   | Became a worshipper of Kikubaaqudgha
  9445 | D:6      | Reached XP level 9. HP: 58/68 MP: 8/14
 10085 | D:7      | Reached skill level 5 in Necromancy
 10119 | D:7      | Found a white marble altar of Elyvilon.
 10586 | D:7      | Reached * piety under Kikubaaqudgha
 10586 | D:7      | Identified Kikubaaqudgha's Disquisition on Unholy Arts (Kikubaaqudgha gifted it to you on level 7 of the Dungeon)
 10586 | D:7      | Received a gift from Kikubaaqudgha
 11349 | D:8      | Found Tekh's Jewellery Emporium.
 11373 | D:8      | Bought a cursed ring of loudness for 63 gold pieces
 11507 | D:8      | Got a crude glaive
 11801 | D:8      | Learned a level 3 spell: Confuse
 12146 | D:9      | Found Utsok's Distillery.
 12155 | D:9      | Bought a potion of curing for 36 gold pieces
 12173 | D:9      | Got a sheer robe
 12192 | D:9      | Identified the cursed +0 robe of the Cicada {Dex+2} (You found it on level 9 of the Dungeon)
 12450 | D:9      | Reached XP level 10. HP: 71/77 MP: 2/15
 12487 | D:9      | Reached ** piety under Kikubaaqudgha
 12657 | D:9      | Found a staircase to the Lair.
 13115 | D:9      | Found a runed door.
 13167 | D:9      | Found a runed door.
 13399 | D:9      | Noticed a manticore
 13400 | D:9      | Noticed a gargoyle
 13823 | D:9      | Killed a manticore
 13823 | D:9      | Reached skill level 1 in Hexes
 14168 | D:10     | Entered Level 10 of the Dungeon
 14175 | D:10     | Reached skill level 2 in Hexes
 14214 | D:10     | Found a staircase to the Orcish Mines.
 14277 | D:10     | Learned a level 3 spell: Dazzling Spray
 14453 | D:10     | Reached skill level 3 in Hexes
 14496 | D:10     | Noticed a hill giant
 14670 | D:10     | Noticed zkyp's ghost (journeyman TeHu)
 14677 | D:10     | Noticed Psyche
 14764 | D:9      | Reached *** piety under Kikubaaqudgha
 14764 | D:9      | Identified Kikubaaqudgha's Collected Works on Unholy Secrets (Kikubaaqudgha gifted it to you on level 9 of the Dungeon)
 14764 | D:9      | Received a gift from Kikubaaqudgha
 15272 | D:9      | Reached skill level 4 in Hexes
 16040 | D:10     | Reached skill level 1 in Evocations
 16115 | D:10     | Killed Psyche
 16369 | D:10     | Killed a hill giant
 16369 | D:10     | Reached skill level 5 in Hexes
 16369 | D:10     | Reached XP level 11. HP: 86/86 MP: 0/16
 16815 | D:11     | Noticed a hill giant
 17024 | D:11     | Noticed a hill giant
 17033 | D:11     | Noticed a hill giant
 17153 | D:10     | Killed a hill giant
 17273 | D:11     | Reached skill level 6 in Hexes
 17385 | D:11     | Killed a hill giant
 17441 | D:11     | Killed a hill giant
 17536 | D:11     | Noticed a hill giant
 17559 | D:11     | Killed a hill giant
 17559 | D:11     | Reached skill level 7 in Hexes
 17772 | D:11     | Noticed a hill giant
 18074 | D:11     | Noticed Josephine
 18110 | D:11     | Killed Josephine
 18325 | D:10     | Noticed a hill giant
 18412 | D:10     | Killed a hill giant
 18936 | D:11     | Reached skill level 8 in Hexes
 19032 | D:11     | Noticed a hill giant
 19032 | D:11     | Noticed a hill giant
 19032 | D:11     | Noticed a hill giant
 19032 | D:11     | Noticed a hill giant
 19032 | D:11     | Noticed a hill giant
 19069 | D:11     | Killed a hill giant
 19237 | D:11     | Reached **** piety under Kikubaaqudgha
 19402 | D:11     | Killed a hill giant
 19874 | D:10     | Reached skill level 5 in Spellcasting
 20109 | D:10     | Killed a hill giant
 20155 | D:10     | Killed a hill giant
 20271 | D:11     | Noticed a hill giant
 20271 | D:11     | Noticed a hill giant
 20271 | D:11     | Noticed a hill giant
 20579 | Lair:1   | Entered Level 1 of the Lair of Beasts
 20759 | Lair:1   | Reached XP level 12. HP: 92/92 MP: 20/20
 20968 | Lair:1   | Noticed a six-headed hydra
 20983 | Lair:1   | Killed a six-headed hydra
 20983 | Lair:1   | Reached skill level 9 in Hexes
 20983 | Lair:1   | Reached skill level 10 in Necromancy
 20983 | Lair:1   | Reached skill level 5 in Evocations
 21026 | Lair:1   | Noticed an eight-headed hydra
 21079 | Lair:1   | Killed an eight-headed hydra
 21628 | Lair:2   | Noticed Harold
 21634 | Lair:2   | HP: 4/93 [Harold/bolt of fire (32)]
 21824 | Lair:1   | Learned a level 4 spell: Animate Dead
 21933 | Lair:2   | Noticed Nergalle
 21981 | Lair:2   | Killed Nergalle
 22130 | Lair:1   | Reached skill level 10 in Hexes
 23134 | Lair:2   | Learned a level 5 spell: Dispel Undead
 23995 | Lair:2   | Found a staircase to the Swamp.
 24501 | Lair:2   | Killed Harold
 24501 | Lair:2   | Reached skill level 11 in Hexes
 25933 | Lair:2   | Reached ***** piety under Kikubaaqudgha
 26106 | Lair:3   | Reached XP level 13. HP: 13/101 MP: 11/23
 26549 | Lair:3   | Reached skill level 5 in Dodging
 26706 | Lair:3   | Noticed Fannar
 27087 | Lair:2   | Learned a level 5 spell: Yara's Violent Unravelling
 27388 | Lair:3   | Reached skill level 12 in Hexes
 27462 | Lair:3   | Found a staircase to the Snake Pit.
 29142 | Lair:3   | Killed Fannar
 30229 | Lair:4   | Got a crystal scimitar
 30265 | Lair:4   | Identified the +7 scimitar of Victory {protect, rF+ rC- Int+2 SInv} (You found it on level 4 of the Lair of Beasts)
 30405 | Lair:4   | Noticed Sonja
 31350 | Lair:3   | Reached skill level 1 in Translocations
 31464 | Lair:3   | Reached skill level 10 in Fighting
 32889 | Lair:4   | Paralysed by Sonja for 7 turns
 33168 | Lair:2   | Reached skill level 5 in Armour
 33521 | Lair:4   | Noticed Urug
 36648 | Lair:4   | Paralysed by Sonja for 2 turns
 37545 | Lair:5   | Found a glowing silver altar of Zin.
 38446 | Orc:1    | Entered Level 1 of the Orcish Mines
 38635 | D:11     | Reached XP level 14. HP: 13/111 MP: 7/26
 38753 | D:9      | Bought a potion of flight for 36 gold pieces
 38753 | D:9      | Bought a potion of degeneration for 12 gold pieces
 40016 | D:10     | Killed zkyp's ghost
 40739 | Lair:4   | Killed Urug
 42350 | Lair:6   | Entered Level 6 of the Lair of Beasts
 42455 | Lair:6   | Reached skill level 10 in Long Blades
 43286 | Lair:6   | Found a staircase to the Slime Pits.
 43322 | Lair:6   | Reached ****** piety under Kikubaaqudgha
 45129 | Lair:6   | Reached skill level 5 in Translocations
 47912 | Lair:4   | Paralysed by Sonja for 5 turns
 47944 | Lair:4   | Killed Sonja
 48494 | Lair:3   | HP: 3/113 [anaconda (15)]
 48494 | Lair:3   | Slain by an anaconda

Skill      XL: |  1  2  3  4  5  6  7  8  9 10 11 12 13 14 |
---------------+-------------------------------------------+-----
Fighting       | 2 3 4 5 6 7 8 9 10 11 | 11.4
Charms         | 4 5 6 |  6.4
Long Blades    | 3 4 5 6 7 9 10 | 10.1
Spellcasting   | 3 5 6 8 |  8.7
Necromancy     | 2 4 6 8 9 10 | 10.1
Stealth        | 4 |  4.0
Armour         | 1 3 4 5 7 |  7.0
Hexes          | 5 8 11 12 | 12.0
Evocations     | 1 4 6 |  6.0
Dodging        | 4 6 |  6.1
Translocations | 3 5 |  5.6

Action                   |  1- 3 |  4- 6 |  7- 9 | 10-12 | 13-15 || total
-------------------------+-------+-------+-------+-------+-------++-------
Melee: Falchion          |   135 |   184 |    21 |    34 |       ||   374
       Bite              |    17 |    27 |    58 |   227 |   374 ||   703
       Dagger            |       |       |   528 |  1430 |  1981 ||  3939
       Unarmed           |       |       |       |    34 |     4 ||    38
       Scimitar          |       |       |       |       |    72 ||    72
 Cast: Infusion          |     3 |    11 |    28 |    87 |   112 ||   241
       Shroud of Golubri |       |     8 |    17 |    50 |   113 ||   188
       Regeneration      |       |       |    11 |    42 |   165 ||   218
       Confuse           |       |       |       |    44 |    16 ||    60
       Dazzling Spray    |       |       |       |     2 |    68 ||    70
       Animate Dead      |       |       |       |     1 |     1 ||     2
 Abil: End Transformatio |       |       |     3 |    48 |    60 ||   111
       Bat Form          |       |       |     3 |    48 |    60 ||   111
Evoke: Wand              |       |       |     1 |     4 |     8 ||    13
  Use: Potion            |     2 |     1 |    11 |    17 |    33 ||    64
       Scroll            |       |       |     6 |    11 |     7 ||    24
 Stab: Sleeping          |       |     3 |    27 |    14 |     7 ||    51
       Distracted        |       |       |     2 |     2 |     5 ||     9
       Confused          |       |       |       |    17 |     6 ||    23
       Invisible         |       |       |       |     3 |    14 ||    17
  Eat: Corpse            |     1 |     4 |     3 |    13 |    17 ||    38
Armor: Leather armour    |    48 |    41 |    62 |       |       ||   151
       Robe              |       |       |    87 |   104 |   420 ||   611
       Troll leather arm |       |       |       |   352 |    35 ||   387
Dodge: Dodged            |    93 |   117 |   270 |   852 |  1403 ||  2735
       Rpst.: Falchion   |    27 |    42 |     2 |     4 |       ||    75
       Scimitar          |       |       |       |       |     9 ||     9
